 Dungeon Crawl Stone Soup version 0.29-a0-234-g0dae59b3db (webtiles) character file.

Game seed: 15118335763197143605

90 uselesstheremin the Skirmisher (level 4, -9/40 HPs)
             Began as a Hill Orc Fighter on Mar 3, 2022.
             Mangled by Sigmund
             ... wielding a +0 scythe
              (10 damage)
             ... on level 3 of the Dungeon.
             The game lasted 00:07:44 (2162 turns).

uselesstheremin the Skirmisher (Hill Orc Fighter)   Turns: 2162, Time: 00:07:45

Health: -9/40      AC:  8    Str: 18      XL:     4   Next: 56%
Magic:  4/4        EV:  9    Int:  7 (8)  God:
Gold:   108        SH:  4    Dex: 10 (12) Spells: 3/3 levels left

rFire   . . .      SeeInvis .   a - +0 war axe
rCold   . . .      Faith    .   c - +0 buckler
rNeg    . . .      Spirit   .   b - +0 scale mail
rPois   .          Reflect  .   (no helmet)
rElec   .          Harm     .   (no cloak)
rCorr   .          Rampage  .   (no gloves)
Will    .....                   m - +0 pair of boots
Stlth   ..........              (no amulet)
HPRegen 0.13/turn               (no ring)
MPRegen 0.09/turn               (no ring)

@: no status effects
A: no striking features
a: no special abilities


You were on level 3 of the Dungeon.
You visited 1 branch of the dungeon, and saw 3 of its levels.

You collected 108 gold pieces.

Inventory:

Hand Weapons
 a - a +0 war axe (weapon)
 h - a +0 hand axe
Armour
 b - a +0 scale mail (worn)
 c - a +0 buckler (worn)
 m - a +0 pair of boots (worn)
Scrolls
 e - a scroll of identify {unknown}
 f - a scroll of noise {unknown}
 j - a scroll of holy word {unknown}
 l - a scroll of magic mapping {unknown}
 n - a scroll of fear {unknown}
Potions
 d - a potion of might
 g - a potion of heal wounds {unknown}
 i - a potion of mutation {unknown}
 k - a potion of curing {unknown}


   Skills:
 + Level 4.2 Fighting
 + Level 4.0 Axes
 + Level 3.9 Armour
 + Level 0.5 Dodging
 + Level 3.9 Shields


You had 3 spell levels left.
You didn't know any spells.
Your spell library contained the following spells:

 Spells                   Type           Power      Damage    Failure   Level
 Foxfire                  Conj/Fire      0%         2x1d4     88%         1
 Magic Dart               Conj           0%         1d3       88%         1
 Call Imp                 Summ           0%         N/A       95%         2
 Conjure Flame            Conj/Fire      0%         6-21      99%         3
 Inner Flame              Hex/Fire       0%         N/A       99%         3
 Mephitic Cloud           Conj/Pois/Air  0%         N/A       99%         3
 Flame Wave               Conj/Fire      0%         2d4       100%        4
 Fireball                 Conj/Fire      0%         3d3       100%        5
 Starburst                Conj/Fire      0%         6d3       100%        6
 Ignition                 Fire           0%         3d3       100%        8


Dungeon Overview and Level Annotations

Branches:
Dungeon (3/15)

Altars:
Uskayaw

Annotations:
D:3 Sigmund


Message History

No target in view!
No target in view!
Something hits you! Something hits you.
You hear some strange, mumbled words.
You are confused.
You are too injured to fight recklessly!
You are too injured to fight recklessly!
You are too injured to fight recklessly!
You are too injured to fight recklessly!
You are too injured to fight recklessly!
You hear some strange, mumbled words.
You are more confused.
Something hits you!
* * * LOW HITPOINT WARNING * * *
You bump into the rock wall.
Something hits you.
* * * LOW HITPOINT WARNING * * *
There is a stone staircase leading up here.
Things that are here:
a +0 dagger; a goblin corpse Something hits you but does no damage.
You see here a +0 club.
You closely miss something. Something hits you but does no damage.
You miss something. Something hits you!
* * * LOW HITPOINT WARNING * * *
You bump into the rock wall.
Something hits you but does no damage.
You are too injured to fight recklessly!
You hear the brisk rusting of a distant drain.
Something hits you but does no damage.
There is a stone staircase leading up here.
Things that are here:
a +0 dagger; a goblin corpse You bump into the rock wall.
A frilled lizard comes into view.
You miss something.
You feel less confused.
The frilled lizard hisses angrily.
Something hits you!
You die...

......# .....# .#.#
....:#### ...
......... .. #......l.
## ##. +......... #.
.#. #####{...# #.. #.
.#. #...@)...#
#...#.#.#. #)...#####
#...##.##. #........#
#.........
.########.#######...##
......................
.########.##........#.
#...(..........#)
#....#.....<.....
######.........##


You could see a frilled lizard.

Vanquished Creatures
  A gnoll (D:3)
  2 adders (D:2)
  2 worms (D:3)
  2 dart slugs (D:1)
  An orc (D:2)
  An endoplasm (D:1)
  2 giant cockroaches
  6 goblins
  2 hobgoblins (D:2)
  10 jackals
  2 quokkas
  7 ball pythons
  3 bats
  4 frilled lizards
  7 rats
  A bush (D:2)
53 creatures vanquished.

Vanquished Creatures (others)
  4 plants (D:1)
4 creatures vanquished.

Grand Total: 57 creatures vanquished

Notes
Turn   | Place    | Note
-------+----------+-------------------------------------------
     0 | D:1      | uselesstheremin the Hill Orc Fighter began the quest for
                  | the Orb.
     0 | D:1      | Reached XP level 1. HP: 19/19 MP: 1/1
   149 | D:1      | Reached XP level 2. HP: 23/27 MP: 2/2
   438 | D:1      | Reached XP level 3. HP: 28/33 MP: 3/3
  1178 | D:2      | Reached XP level 4. HP: 40/40 MP: 4/4
  1895 | D:3      | Found a hide-covered altar of Uskayaw.
  2142 | D:3      | Noticed Sigmund
  2157 | D:3      | HP: 1/40 [something (7)]
  2162 | D:3      | Mangled by Sigmund

Illustrated notes

Levels and vault maps discovered:
D:1:      eino_arrival_water_cross, layout_basic, minmay_split_cup_small
D:2:      layout_basic, serial_forest, infiniplex_forest_end_3,
          infiniplex_forest_corner_1, infiniplex_forest_lined_3_way,
          infiniplex_forest_straight_4, infiniplex_forest_lined_ring,
          infiniplex_forest_straight_4
D:3:      layout_basic, mainiacjoe_overflow_alcove_2,
          hellmonk_ecumenical_altar_run_dry, portal_sewer_entry_a,
          minmay_statues_item, minmay_distorted, uniq_natasha, uniq_sigmund

Skill      XL: |  1  2  3  4 |
---------------+-------------+-----
Fighting       | 4 |  4.2
Axes           | 3 4 |  4.0
Armour         | |  3.9
Dodging        | |  0.5
Shields        | |  3.9

Action                   |  1- 3 |  4- 6 || total
-------------------------+-------+-------++-------
Melee: War axe           |    93 |   106 ||   199
  Use: Potion            |     3 |       ||     3
Armor: Scale mail        |    59 |    19 ||    78
Dodge: Dodged            |    54 |    15 ||    69
Block: Buckler           |    28 |    10 ||    38

Table legend: (Time is in decaauts)
 A = Elapsed time spent in this place.
 B = Non-inter-level travel time spent in this place.
 C = Inter-level travel time spent in this place.
 D = Time resting spent in this place.
 E = Time spent auto-exploring this place.
 F = Levels seen in this place.
 G = Mean time per level.
                   A        B        C        D        E       F      G
               +--------+--------+--------+--------+--------+-----+--------+
         Total |   2234 |   2234 |      0 |      0 |   1539 |   3 |  744.7 |
       Dungeon |   2234 |   2234 |      0 |      0 |   1539 |   3 |  744.7 |
               +--------+--------+--------+--------+--------+-----+--------+

Top non-repeatable levels by time:
     D:1: 996 daAuts
     D:2: 831 daAuts
     D:3: 407 daAuts
